 Dungeon Crawl Stone Soup version 0.29.0-11-gd7f09526c8 (webtiles) character file.

Game seed: 1425672303015357739

115459 spiderkeys the Covert (level 16, -2/99 HPs)
             Began as a Vampire Enchanter on Sept 2, 2022.
             Was the Champion of Wu Jian.
             Shot with a bolt by Vashnia (27 damage)
             ... on level 3 of the Snake Pit on Sept 4, 2022.
             The game lasted 01:32:37 (30126 turns).

spiderkeys the Covert (Vampire Enchanter)          Turns: 30126, Time: 01:32:38

Health: -2/99      AC: 15    Str:  7    XL:     16   Next: 18%
Magic:  28/28      EV: 24    Int: 22    God:    Wu Jian [******]
Gold:   1582       SH: 10    Dex: 27    Spells: 5/31 levels left

rFire   . . .      SeeInvis +   T - +6 rapier (drain)
rCold   + + +      Faith    .   L - +3 warlock's mirror {reflect}
rNeg    + + +      Spirit   .   Z - +1 leather armour "Acotedul" {rElec}
rPois   ∞          Reflect  +   p - +1 helmet {Int+3}
rElec   +          Harm     .   Q - +2 cloak {rCorr}
rCorr   +          Rampage  .   s - +0 pair of gloves
Will    +....                   W - +0 pair of boots
Stlth   ++++++++..              g - amulet of regeneration
HPRegen 0.00/turn               R - ring "Karoummy" {rC+ AC+4}
MPRegen 0.21/turn               D - +6 ring of dexterity

@: mighty, bloodless, inhibited regen
A: bloodless, fangs 3, see invisible, vampiric 2
a: Bat Form, Revivify, Renounce Religion, Wall Jump, Serpent's Lash, Heavenly
Storm


You were on level 3 of the Snake Pit.
You worshipped Wu Jian.
Wu Jian was exalted by your worship.
You visited 4 branches of the dungeon, and saw 24 of its levels.
You also visited: Gauntlet and Volcano.

You collected 2189 gold pieces.
You spent 607 gold pieces at shops.


Innate Abilities, Weirdness & Mutations

You do not regenerate when monsters are visible.
You are frail without blood (-20% HP).
You can heal yourself when you bite living creatures.
You are immune to poison.
You have razor-sharp teeth.
You have supernaturally acute eyesight. (SInv)
You are afflicted with vampirism and can become a bat while bloodless.


   Skills:
 - Level 10.6 Fighting
 - Level 10.0 Short Blades
 - Level 14.1 Dodging
 - Level 14.2 Stealth
 - Level 5.0 Shields
 + Level 8.3 Spellcasting
 - Level 13.2 Hexes
 - Level 12.0 Necromancy
 + Level 8.4 Earth Magic
 + Level 8.3 Poison Magic


You had 5 spell levels left.
You knew the following spells:

 Your Spells              Type           Power      Damage    Failure   Level
b - Borgnjor's Vile Clut  Necr/Erth      26%        N/A       6%          5
c - Confusing Touch       Hex            61%        N/A       1%          3
d - Dispel Undead         Necr           58%        3d21      1%          4
e - Ensorcelled Hibernat  Hex/Ice        76%        N/A       1%          2
i - Ignite Poison         Fire/Tmut/Pois 21%        N/A       13%         3
p - Poisonous Vapours     Pois/Air       54%        N/A       3%          2
t - Tukima's Dance        Hex            61%        N/A       1%          3
X - Anguish               Hex/Necr       29%        N/A       1%          4

Your spell library contained the following spells:

 Spells                   Type           Power      Damage    Failure   Level
 Necrotise                Necr           100%       1d9       1%          1
 Vampiric Draining        Necr           58%        2d10      1%          3
 Animate Dead             Necr           58%        N/A       1%          4
 Sting                    Tmut/Pois      100%       1d8       2%          1
 Dazzling Flash           Conj/Hex       76%        N/A       2%          3
 Agony                    Necr           58%        N/A       2%          5
 Olgreb's Toxic Radiance  Pois           46%        N/A       4%          4
 Corpse Rot               Necr/Pois/Air  39%        N/A       9%          4
 Mephitic Cloud           Conj/Pois/Air  21%        N/A       13%         3
 Static Discharge         Conj/Air       9%         3-5/arc   21%         2
 Animate Armour           Summ/Erth      54%        N/A       24%         4
 Sticky Flame             Conj/Fire      9%         2d3       80%         4
 Blade Hands              Tmut           4%         N/A       98%         5
 Freezing Cloud           Conj/Ice/Air   4%         6-21      98%         5
 Iskenderun's Battlesphe  Conj           9%         2d6       98%         5
 Death Channel            Necr           29%        N/A       16%         6
 Enfeeble                 Hex            30%        N/A       45%         7
 Iron Shot                Conj/Erth      13%        9d3       98%         6
 Haunt                    Necr/Summ      17%        N/A       100%        7
 Spellforged Servitor     Conj/Summ      4%         N/A       100%        7
 Infestation              Necr           29%        N/A       100%        8

Inventory:

Hand Weapons
 j - the +7 falchion of Apuimote {flame, rN+ Will+ Stlth+}
   (You found it on level 7 of the Dungeon)

   It burns those it strikes, dealing additional fire damage.
   Big, fiery blades are also staple armaments of hydra-hunters.
   rN:        It protects you from negative energy.
   Will:      It increases your willpower.
   Stlth:     It makes you more stealthy.
 F - the +8 short sword of Kocrodam {chaos, rF+ rC+ rN+ Dex+4}
   (You bought it in a shop on level 1 of the Snake Pit)

   Each time it hits an enemy it has a different, random effect.
   Dex:       It affects your dexterity (+4).
   rF:        It protects you from fire.
   rC:        It protects you from cold.
   rN:        It protects you from negative energy.
 P - a +1 dagger of electrocution
   (You found it on level 6 of the Dungeon)
 T - a +6 rapier of draining (weapon)
   (You found it on level 2 of the Snake Pit)
Missiles
 h - 5 boomerangs (quivered)
 K - 7 curare-tipped darts {=f}
Armour
 n - a +3 leather armour of fire resistance
   (You found it in a volcano)
 p - a +1 helmet of intelligence (worn)
   (You took it off Robin on level 3 of the Dungeon)
 s - a +0 pair of gloves (worn)
   (You bought it in a shop on level 3 of the Dungeon)
 L - the +3 warlock's mirror (worn) {reflect}
   (You acquired it on level 14 of the Dungeon)

   It can block and reflect piercing ranged attacks and magical attacks against
   the wielder's willpower.
 Q - a +2 cloak of preservation (worn)
   (You took it off Crazy Yiuf on level 5 of the Dungeon)
 W - a +0 pair of boots (worn)
   (You found it on level 14 of the Dungeon)
 Z - the +1 leather armour "Acotedul" (worn) {rElec}
   (You bought it in a shop on level 10 of the Dungeon)

   rElec:     It insulates you from electricity.
Jewellery
 g - an amulet of regeneration (around neck)
   (You found it on level 7 of the Dungeon)
 C - a ring of protection from cold
   (You found it on level 2 of the Lair of Beasts)
 D - a +6 ring of dexterity (right hand)
   (You took it off a wight on level 7 of the Dungeon)
 I - a +6 ring of intelligence
   (You took it off a minotaur in a Gauntlet)
 R - the ring "Karoummy" (left hand) {rC+ AC+4}
   (You found it in a Gauntlet)

   [ring of protection]

   AC:        It affects your AC (+4).
   rC:        It protects you from cold.
 Y - a +4 ring of slaying
   (You found it in a Gauntlet)
Wands
 t - a wand of flame (11)
   (You found it on level 11 of the Dungeon)
 u - a wand of polymorph (8)
   (You found it on level 10 of the Dungeon)
 w - a wand of iceblast (9)
   (You found it on level 5 of the Dungeon)
 x - a wand of charming (35)
   (You found it on level 4 of the Dungeon)
 J - a wand of mindburst (3)
   (You found it on level 1 of the Lair of Beasts)
 M - a wand of acid (5)
   (You found it on level 13 of the Dungeon)
 S - a wand of digging (3)
   (You found it on level 2 of the Snake Pit)
Scrolls
 a - 5 scrolls of immolation {!r!r}
 l - 2 scrolls of blinking {!r}
 o - 2 scrolls of silence {!r}
 y - 10 scrolls of teleportation {@r4}
 z - 3 scrolls of fear
 A - 2 scrolls of vulnerability {!r!r}
 G - 3 scrolls of identify {@r1}
 H - 3 scrolls of poison {!r}
 N - 3 scrolls of magic mapping {!r}
 O - 2 scrolls of fog
 X - 2 scrolls of enchant armour
Potions
 c - 4 potions of invisibility
 d - a potion of cancellation
 e - 3 potions of ambrosia
 f - 3 potions of mutation {!q}
 i - 10 potions of curing {@q1}
 k - 8 potions of heal wounds {@q2}
 m - 9 potions of might
 q - 5 potions of attraction {!q}
 r - 3 potions of magic
 B - a potion of berserk rage {!q}
 E - 4 potions of flight
 U - 3 potions of haste {@q3}
 V - 2 potions of brilliance
Miscellaneous
 b - a tin of tremorstones (2/2)
   (You found it on level 1 of the Lair of Beasts)
 v - a lightning rod (4/4)
   (You found it on level 1 of the Snake Pit)

Dungeon Overview and Level Annotations

Branches:
Dungeon (15/15) Zot: 25748  Temple (1/1) D:7 Zot: 5770    Lair (5/5) D:9 Zot: 24193
 Shoals (0/4) Lair:3        Snake (3/4) Lair:2 Zot: 14134   Slime (0/5) Lair:4
    Orc (0/2) D:9          Vaults (0/5) D:13         Depths (0/4) D:15
Volcano (visited)         Gauntlet (visited)

Altars:
Ashenzari
Cheibriados
Dithmenos
Fedhas
Gozag
Hepliaklqana
Kikubaaqudgha
Makhleb
Nemelex Xobeh
Okawaru
Qazlal
Ru
Sif Muna
Uskayaw
Vehumet
Wu Jian
Xom
Yredelemnul
Jiyva

Shops:
D:1 [   D:3 ?[*[[   D:5 *   D:9 (   D:10 [   Snake:1 *=:

Annotations:
Lair:3 3 runed translucent doors, Yjeari's ghost, journeyman GrMo
Snake:3 Vashnia

##....## ##......##
##........## ##.......)..##
#............##
..............##
.#..........#..##
###........###..##
###........####.@##
##..........###..N##
.............###...##
..............###...##
...............###...##
#......#........###...##
#.....###........###...##
#.....# ##........##....###
......#####........#......##


You could see Vashnia (drained).


Message History

You puncture the naga sharpshooter! Your bite misses the naga sharpshooter.
Vashnia mumbles some strange words.
Vashnia magically shoots a bolt.
The bolt hits you!! 😮 HP[-35]
You take 35 damage, and now have 61/99 hp.
MASSIVE DAMAGE!! (PAUSE)
You barely miss the naga sharpshooter. Vashnia spits poison at you.
The splash of poison misses you.
You hit the naga sharpshooter but do no damage.
The naga sharpshooter casts a spell.
The naga sharpshooter magically shoots an arrow.
You reflect the arrow off your +3 warlock's mirror {reflect}!
You barely miss the naga sharpshooter. Your bite misses the naga sharpshooter.
Vashnia casts a spell at you.
The naga sharpshooter blinks! x2; The naga sharpshooter shoots an arrow.
You reflect the arrow off your +3 warlock's mirror {reflect}!
The arrow hits the naga sharpshooter!
Unknown command.
You puncture Vashnia! You drain Vashnia.
Vashnia shoots a bolt.
You reflect the bolt off your +3 warlock's mirror {reflect}!
The bolt hits Vashnia but does no damage. 😮 MP[+1]
You hit Vashnia. You drain Vashnia.
The naga sharpshooter spits poison at you.
The splash of poison hits you but does no damage.
You resist.
Vashnia shoots a bolt.
The bolt hits you!!
* * * LOW HITPOINT WARNING * * *
x2 😨 HP[-29]
You take 29 damage, and now have 32/99 hp.
MASSIVE DAMAGE!! (PAUSE)
Your supernatural speed expires.
You feel much better.
The naga sharpshooter shoots an arrow.
You reflect the arrow off your +3 warlock's mirror {reflect}!
The arrow hits the naga sharpshooter!!
You kill the naga sharpshooter!
The Council accepts your kill. 😮 HP[+25]
You regained 25 hp, and now have 57/99 hp.
Casting: Ensorcelled Hibernation (safe; 1% risk of failure)
Confirm with . or Enter, or press ? or * to list all spells.
Aiming: Tukima's Dance (safe; 1% risk of failure)
Press: ? - help, Shift-Dir - straight line, f - Vashnia
Aim: Vashnia, wielding a +1 vorpal arbalest and wearing a +0 barding of stealth (lightly wounded, lightly drained, chance to affect: 11%)
Okay, then.
Okay, then.
You feel very mighty all of a sudden.
Vashnia gestures wildly while chanting.
Vashnia blinks!
The naga sharpshooter shoots an arrow.
The arrow completely misses you.
Vashnia shoots a bolt.
The bolt closely misses you. 😮 MP[+1]
Your mp is fully restored (28).
You lunge at the naga sharpshooter, in a flurry of attacks.
You puncture the naga sharpshooter! You drain the naga sharpshooter.
You kill the naga sharpshooter!
The Council accepts your kill.
Vashnia shoots a bolt.
The bolt hits you!!
* * * LOW HITPOINT WARNING * * *
x2 😨 HP[-28]
You take 28 damage, and now have 29/99 hp.
MASSIVE DAMAGE!! (PAUSE)
You lunge at Vashnia.
You puncture Vashnia! Vashnia spits poison at you.
The splash of poison misses you.
Things that are here:
a +0 shortbow; a +0 trident; a naga corpse You miss Vashnia.
You bite Vashnia.
You draw Vashnia's blood!
You feel better. 😨 HP[+2]
You regained 2 hp, and now have 31/99 hp.
You closely miss Vashnia. Your bite misses Vashnia.
Vashnia mumbles some strange words.
Vashnia magically shoots a bolt.
You reflect the bolt off your +3 warlock's mirror {reflect}!
You impale Vashnia!! You drain Vashnia!
Vashnia shoots a bolt.
The bolt barely misses you.
You puncture Vashnia! You drain Vashnia. You bite Vashnia.
You draw Vashnia's blood!
You feel better. Vashnia spits poison at you.
The splash of poison misses you. 😨 HP[+2]
You regained 2 hp, and now have 33/99 hp.
You puncture Vashnia! You drain Vashnia. Your bite misses Vashnia.
Vashnia takes aim.
Vashnia shoots a bolt.
The bolt hits you!
* * * LOW HITPOINT WARNING * * *
x2 😨 HP[-8]
You take 8 damage, and now have 25/99 hp.
You closely miss Vashnia. You bite Vashnia, but do no damage.
You impale Vashnia!! You drain Vashnia!
Vashnia shoots a bolt.
The bolt closely misses you.
You miss Vashnia. Your bite misses Vashnia.
Vashnia casts a spell.
You closely miss Vashnia.
Vashnia shoots a bolt.
The bolt barely misses you.
You puncture Vashnia! You closely miss Vashnia. Your bite misses Vashnia.
You feel less exhausted.
Vashnia casts a spell.
Vashnia magically shoots a bolt.
The bolt hits you!!
You die...

Skill      XL: |  1  2  3  4  5  6  7  8  9 10 11 12 13 14 15 16 |
---------------+-------------------------------------------------+-----
Fighting       | 1 2 3 4 5 6 8 10 | 10.6
Stealth        | 5 6 8 9 11 12 14 | 14.2
Hexes          | 5 6 7 8 10 11 13 | 13.2
Short Blades   | 2 3 4 5 7 8 9 10 | 10.0
Dodging        | 3 4 5 6 7 8 10 12 14 | 14.1
Necromancy     | 6 8 11 12 | 12.0
Poison Magic   | 5 8 |  8.3
Spellcasting   | 8 |  8.3
Earth Magic    | 2 7 8 |  8.4
Shields        | 1 5 |  5.0

Action                   |  1- 3 |  4- 6 |  7- 9 | 10-12 | 13-15 | 16-18 || total
-------------------------+-------+-------+-------+-------+-------+-------++-------
Melee: Dagger            |    91 |   151 |   241 |   324 |   707 |       ||  1514
       Bite              |     8 |    16 |    41 |    40 |   131 |    15 ||   251
       Punch             |     1 |     1 |     9 |     5 |     8 |       ||    24
       Falchion          |       |       |       |    27 |    21 |       ||    48
       Short sword       |       |       |       |       |   284 |    22 ||   306
       Rapier            |       |       |       |       |       |    60 ||    60
Throw: Boomerang         |       |       |       |     6 |    10 |       ||    16
       Dart              |       |       |       |     7 |     1 |       ||     8
 Cast: Ensorcelled Hiber |    12 |    21 |    57 |   140 |   262 |    15 ||   507
       Confusing Touch   |       |       |    24 |    13 |    26 |     1 ||    64
       Tukima's Dance    |       |       |     4 |     5 |       |     2 ||    11
       Anguish           |       |       |       |       |     3 |       ||     3
       Poisonous Vapours |       |       |       |       |     1 |       ||     1
       Borgnjor's Vile C |       |       |       |       |       |     4 ||     4
Invok: Lunge             |       |       |     4 |    53 |    94 |     4 ||   155
       Whirlwind         |       |       |       |    14 |    25 |     4 ||    43
       Serpent's Lash    |       |       |       |       |       |     1 ||     1
 Abil: Exsanguinate      |       |       |     1 |       |       |       ||     1
       End Transformatio |       |       |       |     1 |       |       ||     1
       Bat Form          |       |       |       |     1 |       |       ||     1
       Wall Jump         |       |       |       |     2 |       |       ||     2
Evoke: Wand              |       |     6 |    18 |    13 |    14 |       ||    51
       Tin of tremorston |       |       |       |     1 |     2 |       ||     3
  Use: Scroll            |       |     8 |     2 |    18 |    11 |     2 ||    41
       Potion            |       |       |       |     9 |     4 |     2 ||    15
 Stab: Sleeping          |    18 |    20 |    40 |   112 |   191 |     9 ||   390
       Confused          |       |       |    14 |    10 |    29 |     2 ||    55
       Distracted        |       |       |     1 |     2 |     2 |       ||     5
       Petrifying        |       |       |       |       |     3 |       ||     3
       Paralysed         |       |       |       |       |     1 |       ||     1
Armor: Robe              |    11 |    24 |    35 |    11 |       |       ||    81
       Troll leather arm |       |       |       |    24 |   113 |       ||   137
       Leather armour    |       |       |       |     7 |    46 |    11 ||    64
       Skin              |       |       |       |     1 |       |       ||     1
Dodge: Dodged            |    60 |    84 |   101 |   228 |   769 |    60 ||  1302
Block: Buckler           |       |       |       |       |   192 |    50 ||   242
       Reflection        |       |       |       |       |     7 |    11 ||    18

Levels and vault maps discovered:
D:1:      lightli_arrival_maybe_door_vault, layout_loops_corners, serial_shops,
          nicolae_lakefront_shop, ebering_ecumenical_altar_mist,
          kennysheep_pointless_box
D:2:      layout_basic
D:3:      layout_basic, serial_shops, nicolae_shop_window_shopping, shop, shop,
          shop, shop_statue, nrook_loot_triangle, uniq_robin, uniq_grinder
D:4:      layout_rooms
D:5:      layout_loops_corners, serial_rivers, chequers_serial_rivers_micro_e,
          chequers_serial_rivers_large_b, chequers_serial_rivers_micro_e,
          chequers_serial_rivers_large_a, chequers_serial_rivers_small_3,
          serial_shops, nicolae_shop_behind_doors, minmay_misc_feat_columns,
          grunt_ministairs_1, minmay_pentangle, uniq_crazy_yiuf_cottage
D:6:      layout_rooms, uniq_edmund, uniq_eustachio, uniq_duvessa
D:7:      minmay_the_grid_triangle_9x9_recursive_2
          [minmay_the_grid_triangle_9x9_prize_center,
          minmay_the_grid_triangle_9x9_limited_checkers,
          minmay_the_grid_triangle_9x9_odd_lines,
          minmay_the_grid_triangle_9x9_checkered], layout_basic,
          minmay_temple_entry_drinking_statues
D:8:      layout_layer_cave
D:9:      layout_gridville, xom_butterflies, david_lair_generic, orc_0_dummy,
          serial_ice, serial_ice_a, serial_ice_o, serial_ice_g, serial_ice_e,
          nicolae_shop_firing_range, uniq_pikel, uniq_grum
D:10:     cheibrodos_iron_armory, layout_basic, serial_shops,
          kennysheep_little_box
D:11:     layout_basic
D:12:     layout_basic, uniq_sonja
D:13:     layout_cave_pools, erik_vaults_2
D:14:     minmay_bloctagon, layout_basic, xom_redecorated
D:15:     grunt_enter_depths_hoard, layout_stronghold, minmay_misc_feat_alley
Temple:   mainiacjoe_temple_starburst
Lair:1:   layout_chaotic_city
Lair:2:   layout_gridlike, minmay_snake_entry_six_corridors,
          gauntlet_entry_generic, chequers_serial_rivers_small_3
Lair:3:   layout_regular_city, minmay_shoals_entry_beasts, gammafunk_ghost_icy,
          serial_bayou_shore_b
Lair:4:   layout_small_grid, slime_entry_1, cheibrodos_lair_reptile_den,
          grunt_megastairs_2
Lair:5:   minmay_lair_end_enchanted_forest, layout_regular_city, enter_volcano_2
Snake:1:  nicolae_snake_crotalidae_crossing, layout_rooms, minmay_shop_star
Snake:2:  layout_rooms, grunt_megastairs_5
Snake:3:  layout_onion, uniq_vashnia

Notes
Turn   | Place    | Note
-------+----------+-------------------------------------------
     0 | D:1      | spiderkeys the Vampire Enchanter began the quest for the
                  | Orb.
     0 | D:1      | Reached XP level 1. HP: 13/13 MP: 3/3
     0 | D:1      | magus.rc [v1.11.3]
    78 | D:1      | Found a faded altar of an unknown god.
   306 | D:1      | Found Gaiqeoro's Antique Armour Boutique.
   579 | D:1      | Reached XP level 2. HP: 18/20 MP: 5/5
   931 | D:1      | Learned a level 2 spell: Ensorcelled Hibernation
  1129 | D:2      | Gained mutation: You are afflicted with vampirism and can
                  | become a bat while bloodless. [Vampire growth]
  1129 | D:2      | Reached XP level 3. HP: 25/25 MP: 2/6
  1363 | D:2      | Reached skill level 1 in Fighting
  1370 | D:2      | Reached skill level 5 in Stealth
  1370 | D:2      | Reached skill level 5 in Hexes
  1463 | D:2      | Reached skill level 2 in Short Blades
  1895 | D:2      | Reached XP level 4. HP: 32/32 MP: 7/7
  2222 | D:3      | Noticed Robin
  2222 | D:3      | Found Feha's General Store.
  2264 | D:3      | Reached skill level 3 in Dodging
  2335 | D:3      | magus.rc [v1.11.3]
  2341 | D:3      | Killed Robin
  2380 | D:3      | HP: 8/32 [goblin/+0 club[Robin] (1)]
  2385 | D:3      | HP: 4/32 [goblin/+0 club[Robin] (3)]
  2555 | D:3      | Bought a +0 pair of gloves for 58 gold pieces
  2748 | D:3      | Found Lugips's Antique Armour Shop.
  2872 | D:3      | Noticed Grinder
  2874 | D:3      | Found Ziunatt's Armour Emporium.
  2890 | D:3      | Killed Grinder
  2891 | D:3      | Reached skill level 2 in Fighting
  2891 | D:3      | Reached skill level 3 in Short Blades
  2891 | D:3      | Reached skill level 6 in Stealth
  2891 | D:3      | Reached skill level 6 in Hexes
  2891 | D:3      | Reached XP level 5. HP: 18/38 MP: 8/8
  2891 | D:3      | Reached XP level 6. HP: 21/44 MP: 9/9
  2962 | D:3      | You add the spells Ignite Poison, Mephitic Cloud and
                  | Freezing Cloud to your library.
  2972 | D:3      | Bought a +0 cloak for 45 gold pieces
  3117 | D:3      | Found Tosut's Armour Shoppe.
  3286 | D:3      | Found Noteh's Magic Scroll Emporium.
  3289 | D:3      | Bought a scroll of identify for 24 gold pieces
  3342 | D:4      | Reached skill level 4 in Dodging
  3488 | D:4      | You pick up a book of Touch and begin reading...
  3488 | D:4      | You add the spells Static Discharge, Sticky Flame and
                  | Dispel Undead to your library.
  3822 | D:5      | Entered Level 5 of the Dungeon
  3833 | D:5      | Reached XP level 7. HP: 48/51 MP: 10/10
  3894 | D:5      | Learned a level 3 spell: Tukima's Dance
  3898 | D:5      | Learned a level 3 spell: Confusing Touch
  3925 | D:5      | Reached skill level 7 in Stealth
  3953 | D:5      | Reached skill level 3 in Fighting
  3953 | D:5      | Reached skill level 4 in Short Blades
  3975 | D:5      | Reached skill level 7 in Hexes
  4227 | D:5      | Found Yphyim's Assorted Antiques.
  4230 | D:5      | Bought a golden potion for 17 gold pieces
  4230 | D:5      | Bought a silvery potion for 17 gold pieces
  4694 | D:5      | Found a runed translucent door.
  4695 | D:5      | Noticed Crazy Yiuf
  4867 | D:5      | Reached skill level 5 in Dodging
  4867 | D:5      | Reached skill level 8 in Stealth
  4867 | D:5      | Reached XP level 8. HP: 39/46 MP: 11/11
  5186 | D:5      | You pick up a book of Necromancy and begin reading...
  5186 | D:5      | You add the spells Necrotise, Vampiric Draining and Agony
                  | to your library.
  5494 | D:5      | Killed Crazy Yiuf
  5495 | D:5      | Reached skill level 5 in Short Blades
  5581 | D:6      | Noticed Edmund
  5586 | D:6      | Killed Edmund
  5587 | D:6      | Reached skill level 4 in Fighting
  5587 | D:6      | Reached skill level 8 in Hexes
  5892 | D:6      | Noticed Eustachio
  5920 | D:6      | Killed Eustachio
  5921 | D:6      | Reached skill level 9 in Stealth
  5924 | D:6      | Reached skill level 6 in Dodging
  5930 | D:6      | Reached XP level 9. HP: 52/52 MP: 12/12
  6023 | D:6      | Noticed Duvessa
  6026 | D:6      | Noticed Dowan
  6034 | D:6      | Killed Duvessa
  6051 | D:6      | Killed Dowan
  6252 | D:7      | Reached skill level 9 in Hexes
  6255 | D:7      | Reached skill level 6 in Short Blades
  6706 | D:7      | Reached skill level 5 in Fighting
  6706 | D:7      | Reached skill level 10 in Stealth
  6742 | D:7      | Found a staircase to the Ecumenical Temple.
  7154 | Temple   | Entered the Ecumenical Temple
  7318 | Temple   | Became a worshipper of the Wu Jian Council
  7319 | Temple   | magus.rc [v1.11.3]
  7648 | D:7      | Reached skill level 7 in Dodging
  7701 | D:7      | Noticed a seven-headed hydra
  7703 | D:7      | HP: 5/54 [seven-headed hydra (14)]
  7709 | D:7      | Killed a seven-headed hydra
  7710 | D:7      | Reached skill level 7 in Short Blades
  7710 | D:7      | Reached skill level 11 in Stealth
  7710 | D:7      | Reached skill level 10 in Hexes
  7710 | D:7      | Reached XP level 10. HP: 6/60 MP: 13/13
  7711 | D:7      | Noticed a cyclops
  8122 | D:7      | Killed a cyclops
  8262 | D:7      | Identified the +7 falchion of Apuimote {flame, rN+ Will+
                  | Stlth+}
  8264 | D:7      | Identified the +2 ring mail of Insurance {rCorr}
  8266 | D:7      | Identified the ring of Jagi {Ice rCorr MP+9 Int-3 Dex-3}
  8268 | D:7      | Identified the +8 great sword "Veher" {flame, Will++ MP+9
                  | SInv}
  8305 | D:7      | Reached skill level 6 in Fighting
  8907 | D:8      | Reached skill level 8 in Dodging
  8907 | D:8      | Reached skill level 11 in Hexes
  9104 | D:8      | You add the spells Sting, Poisonous Vapours and Olgreb's
                  | Toxic Radiance to your library.
  9411 | D:8      | Reached * piety under Wu Jian
  9906 | D:9      | Noticed a death yak
 10147 | D:9      | Noticed an elephant
 10168 | D:9      | Reached skill level 12 in Stealth
 10172 | D:9      | Reached skill level 8 in Short Blades
 10329 | D:9      | Found a staircase to the Lair.
 10371 | D:9      | Noticed Pikel
 10375 | D:9      | Killed Pikel
 10396 | D:9      | Found a shimmering altar of Xom.
 10423 | D:9      | Reached XP level 11. HP: 66/66 MP: 11/14
 10538 | D:9      | Noticed Grum
 10548 | D:9      | Killed Grum
 10662 | D:9      | Reached skill level 7 in Fighting
 10945 | D:9      | Killed a death yak
 10946 | D:9      | Reached skill level 9 in Dodging
 10946 | D:9      | Reached skill level 12 in Hexes
 10948 | D:9      | Reached skill level 13 in Stealth
 11043 | D:9      | You pick up a book of Death and begin reading...
 11043 | D:9      | You add the spells Animate Dead, Haunt and Infestation to
                  | your library.
 11275 | D:9      | Reached skill level 9 in Short Blades
 11477 | D:9      | Reached ** piety under Wu Jian
 11507 | D:9      | Found a staircase to the Orcish Mines.
 11623 | D:9      | Found Noekalau's Firing Range.
 11677 | D:10     | Entered Level 10 of the Dungeon
 11725 | D:10     | Noticed a two-headed ogre
 11780 | D:10     | Killed a two-headed ogre
 11912 | D:10     | Noticed a two-headed ogre
 11925 | D:10     | Killed a two-headed ogre
 12735 | D:10     | Reached skill level 13 in Hexes
 12743 | D:10     | Reached skill level 14 in Stealth
 12965 | D:10     | Found Gabbucve's Antique Armour Boutique.
 12970 | D:10     | Bought a masterwork leather armour for 238 gold pieces
 12970 | D:10     | Identified the +1 leather armour "Acotedul" {rElec} (You
                  | bought it in a shop on level 10 of the Dungeon)
 13443 | D:11     | Noticed a boulder beetle
 13449 | D:11     | Killed a boulder beetle
 13450 | D:11     | Reached skill level 8 in Fighting
 13450 | D:11     | Reached skill level 10 in Dodging
 13450 | D:11     | Reached XP level 12. HP: 73/73 MP: 15/15
 13455 | D:11     | Learned a level 4 spell: Dispel Undead
 13458 | D:11     | Learned a level 2 spell: Poisonous Vapours
 13779 | D:11     | Noticed a two-headed ogre
 13785 | D:11     | Killed a two-headed ogre
 13786 | D:11     | Reached skill level 1 in Necromancy
 13851 | D:11     | Reached skill level 1 in Poison Magic
 13911 | D:11     | Reached skill level 2 in Necromancy
 13916 | D:11     | Reached *** piety under Wu Jian
 14193 | D:12     | Noticed a two-headed ogre
 14207 | D:12     | Reached skill level 10 in Short Blades
 14207 | D:12     | Reached skill level 2 in Poison Magic
 14229 | D:12     | Killed a two-headed ogre
 14437 | D:12     | Noticed Sonja
 14443 | D:12     | Killed Sonja
 14444 | D:12     | Reached skill level 3 in Necromancy
 14510 | D:12     | Reached skill level 3 in Poison Magic
 14608 | D:12     | Reached skill level 4 in Necromancy
 14680 | D:12     | Noticed a five-headed hydra
 14686 | D:12     | Killed a five-headed hydra
 14966 | D:12     | Noticed a two-headed ogre
 14971 | D:12     | Killed a two-headed ogre
 14972 | D:12     | Reached skill level 5 in Necromancy
 14972 | D:12     | Reached skill level 4 in Poison Magic
 15134 | D:13     | Found a gate to the Vaults.
 15134 | D:13     | Noticed a vault guard
 15134 | D:13     | Noticed a vault guard
 15134 | D:13     | Noticed a vault guard
 15135 | D:13     | Noticed a vault guard
 15135 | D:13     | Noticed a vault guard
 15135 | D:13     | Noticed a vault guard
 15135 | D:13     | Noticed a vault guard
 15135 | D:13     | Noticed a vault guard
 15251 | Lair:1   | Entered Level 1 of the Lair of Beasts
 15814 | Lair:1   | Reached skill level 6 in Necromancy
 15814 | Lair:1   | Reached skill level 5 in Poison Magic
 16079 | Lair:2   | Found a gate leading to a gauntlet.
 16088 | Gauntlet | Entered a Gauntlet
 16088 | Gauntlet | Found a transporter.
 16088 | Gauntlet | Found a transporter.
 16096 | Gauntlet | Found a transporter.
 16100 | Gauntlet | Found a transporter.
 16108 | Gauntlet | Found a transporter.
 16112 | Gauntlet | Found a transporter.
 16124 | Gauntlet | Found a transporter.
 16129 | Gauntlet | Found a runed translucent door.
 16133 | Gauntlet | Noticed a dire elephant
 16137 | Gauntlet | Found a transporter.
 16152 | Gauntlet | Found a transporter.
 16156 | Gauntlet | Found a transporter.
 16167 | Gauntlet | Noticed a tengu warrior
 16168 | Gauntlet | Found a transporter.
 16168 | Gauntlet | Found a transporter.
 16362 | Gauntlet | Reached **** piety under Wu Jian
 16702 | Gauntlet | Identified the ring "Karoummy" {rC+ AC+4}
 16718 | Gauntlet | Noticed a minotaur
 16718 | Gauntlet | a minotaur comes into view. It is wielding a +0 flail of
                  | draining, wearing the +15 Maxwell's patent armour {-Cast
                  | -Tele rElec Will+ rCorr} and quivering silver javelins.
 16719 | Gauntlet | Aim: a minotaur, wielding a +0 flail of draining, wearing
                  | the +15 Maxwell's patent armour {-Cast -Tele rElec Will+
                  | rCorr}, wearing a +6 ring of intelligence and quivering
                  | silver javelins (wandering, hasn't noticed you, chance to
                  | affect: 0%)
 16719 | Gauntlet | Aim: a minotaur, wielding a +0 flail of draining, wearing
                  | the +15 Maxwell's patent armour {-Cast -Tele rElec Will+
                  | rCorr}, wearing a +6 ring of intelligence and quivering
                  | silver javelins (wandering, hasn't noticed you, chance to
                  | affect: 0%)
 16727 | Gauntlet | Aim: a minotaur, wielding a +0 flail of draining, wearing
                  | the +15 Maxwell's patent armour {-Cast -Tele rElec Will+
                  | rCorr}, wearing a +6 ring of intelligence and quivering
                  | silver javelins (chance to affect: 0%)
 16727 | Gauntlet | Aim: a minotaur, wielding a +0 flail of draining, wearing
                  | the +15 Maxwell's patent armour {-Cast -Tele rElec Will+
                  | rCorr}, wearing a +6 ring of intelligence and quivering
                  | silver javelins (chance to affect: 0%)
 16727 | Gauntlet | Aim: a minotaur, wielding a +0 flail of draining, wearing
                  | the +15 Maxwell's patent armour {-Cast -Tele rElec Will+
                  | rCorr}, wearing a +6 ring of intelligence and quivering
                  | silver javelins (chance to affect: 0%)
 16727 | Gauntlet | Aim: a minotaur, wielding a +0 flail of draining, wearing
                  | the +15 Maxwell's patent armour {-Cast -Tele rElec Will+
                  | rCorr}, wearing a +6 ring of intelligence and quivering
                  | silver javelins (chance to affect: 0%)
 16728 | Gauntlet | Aim: a minotaur, wielding a +0 flail of draining, wearing
                  | the +15 Maxwell's patent armour {-Cast -Tele rElec Will+
                  | rCorr}, wearing a +6 ring of intelligence and quivering
                  | silver javelins (ally target)
 16728 | Gauntlet | Aim: a minotaur, wielding a +0 flail of draining, wearing
                  | the +15 Maxwell's patent armour {-Cast -Tele rElec Will+
                  | rCorr}, wearing a +6 ring of intelligence and quivering
                  | silver javelins (ally target)
 16732 | Gauntlet | Aim: a minotaur, wielding a +0 flail of draining, wearing
                  | the +15 Maxwell's patent armour {-Cast -Tele rElec Will+
                  | rCorr}, wearing a +6 ring of intelligence and quivering
                  | silver javelins (lightly wounded, ally target, chance to
                  | affect: 0%)
 16732 | Gauntlet | Aim: a minotaur, wielding a +0 flail of draining, wearing
                  | the +15 Maxwell's patent armour {-Cast -Tele rElec Will+
                  | rCorr}, wearing a +6 ring of intelligence and quivering
                  | silver javelins (lightly wounded, ally target, chance to
                  | affect: 0%)
 16756 | Gauntlet | Aim: a minotaur, wielding a +0 flail of draining, wearing
                  | the +15 Maxwell's patent armour {-Cast -Tele rElec Will+
                  | rCorr}, wearing a +6 ring of intelligence and quivering
                  | silver javelins (moderately wounded, ally target, 86% to
                  | hit)
 16756 | Gauntlet | Aim: a minotaur, wielding a +0 flail of draining, wearing
                  | the +15 Maxwell's patent armour {-Cast -Tele rElec Will+
                  | rCorr}, wearing a +6 ring of intelligence and quivering
                  | silver javelins (moderately wounded, ally target, 86% to
                  | hit)
 16756 | Gauntlet | Aim: a minotaur, wielding a +0 flail of draining, wearing
                  | the +15 Maxwell's patent armour {-Cast -Tele rElec Will+
                  | rCorr}, wearing a +6 ring of intelligence and quivering
                  | silver javelins (moderately wounded, ally target, 86% to
                  | hit)
 16757 | Gauntlet | Aim: a minotaur, wielding a +0 flail of draining, wearing
                  | the +15 Maxwell's patent armour {-Cast -Tele rElec Will+
                  | rCorr}, wearing a +6 ring of intelligence and quivering
                  | silver javelins (moderately wounded, ally target, 86% to
                  | hit)
 16757 | Gauntlet | Aim: a minotaur, wielding a +0 flail of draining, wearing
                  | the +15 Maxwell's patent armour {-Cast -Tele rElec Will+
                  | rCorr}, wearing a +6 ring of intelligence and quivering
                  | silver javelins (moderately wounded, ally target, 86% to
                  | hit)
 16758 | Gauntlet | Aim: a minotaur, wielding a +0 flail of draining, wearing
                  | the +15 Maxwell's patent armour {-Cast -Tele rElec Will+
                  | rCorr}, wearing a +6 ring of intelligence and quivering
                  | silver javelins (moderately wounded, ally target, 86% to
                  | hit)
 16758 | Gauntlet | Aim: a minotaur, wielding a +0 flail of draining, wearing
                  | the +15 Maxwell's patent armour {-Cast -Tele rElec Will+
                  | rCorr}, wearing a +6 ring of intelligence and quivering
                  | silver javelins (moderately wounded, ally target, 86% to
                  | hit)
 16759 | Gauntlet | Aim: a minotaur, wielding a +0 flail of draining, wearing
                  | the +15 Maxwell's patent armour {-Cast -Tele rElec Will+
                  | rCorr}, wearing a +6 ring of intelligence and quivering
                  | silver javelins (moderately wounded, ally target, 86% to
                  | hit)
 16759 | Gauntlet | Aim: a minotaur, wielding a +0 flail of draining, wearing
                  | the +15 Maxwell's patent armour {-Cast -Tele rElec Will+
                  | rCorr}, wearing a +6 ring of intelligence and quivering
                  | silver javelins (moderately wounded, ally target, 86% to
                  | hit)
 16760 | Gauntlet | Aim: a minotaur, wielding a +0 flail of draining, wearing
                  | the +15 Maxwell's patent armour {-Cast -Tele rElec Will+
                  | rCorr}, wearing a +6 ring of intelligence and quivering
                  | silver javelins (moderately wounded, ally target, 86% to
                  | hit)
 16760 | Gauntlet | Aim: a minotaur, wielding a +0 flail of draining, wearing
                  | the +15 Maxwell's patent armour {-Cast -Tele rElec Will+
                  | rCorr}, wearing a +6 ring of intelligence and quivering
                  | silver javelins (moderately wounded, ally target, 86% to
                  | hit)
 16761 | Gauntlet | Aim: a minotaur, wielding a +0 flail of draining, wearing
                  | the +15 Maxwell's patent armour {-Cast -Tele rElec Will+
                  | rCorr}, wearing a +6 ring of intelligence and quivering
                  | silver javelins (heavily wounded, ally target, 86% to hit)
 16761 | Gauntlet | Aim: a minotaur, wielding a +0 flail of draining, wearing
                  | the +15 Maxwell's patent armour {-Cast -Tele rElec Will+
                  | rCorr}, wearing a +6 ring of intelligence and quivering
                  | silver javelins (heavily wounded, ally target, 86% to hit)
 16762 | Gauntlet | Aim: a minotaur, wielding a +0 flail of draining, wearing
                  | the +15 Maxwell's patent armour {-Cast -Tele rElec Will+
                  | rCorr}, wearing a +6 ring of intelligence and quivering
                  | silver javelins (severely wounded, ally target, 86% to hit)
 16762 | Gauntlet | Aim: a minotaur, wielding a +0 flail of draining, wearing
                  | the +15 Maxwell's patent armour {-Cast -Tele rElec Will+
                  | rCorr}, wearing a +6 ring of intelligence and quivering
                  | silver javelins (severely wounded, ally target, 86% to hit)
 16763 | Gauntlet | Aim: a minotaur, wielding a +0 flail of draining, wearing
                  | the +15 Maxwell's patent armour {-Cast -Tele rElec Will+
                  | rCorr}, wearing a +6 ring of intelligence and quivering
                  | silver javelins (severely wounded, ally target, 86% to hit)
 16763 | Gauntlet | Aim: a minotaur, wielding a +0 flail of draining, wearing
                  | the +15 Maxwell's patent armour {-Cast -Tele rElec Will+
                  | rCorr}, wearing a +6 ring of intelligence and quivering
                  | silver javelins (severely wounded, ally target, 86% to hit)
 16764 | Gauntlet | Aim: a minotaur, wielding a +0 flail of draining, wearing
                  | the +15 Maxwell's patent armour {-Cast -Tele rElec Will+
                  | rCorr}, wearing a +6 ring of intelligence and quivering
                  | silver javelins (severely wounded, ally target, 86% to hit)
 16764 | Gauntlet | Aim: a minotaur, wielding a +0 flail of draining, wearing
                  | the +15 Maxwell's patent armour {-Cast -Tele rElec Will+
                  | rCorr}, wearing a +6 ring of intelligence and quivering
                  | silver javelins (severely wounded, ally target, 86% to hit)
 16773 | Gauntlet | Aim: a minotaur, wielding a +0 flail of draining, wearing
                  | the +15 Maxwell's patent armour {-Cast -Tele rElec Will+
                  | rCorr}, wearing a +6 ring of intelligence and quivering
                  | silver javelins (heavily wounded, ally target)
 16773 | Gauntlet | Aim: a minotaur, wielding a +0 flail of draining, wearing
                  | the +15 Maxwell's patent armour {-Cast -Tele rElec Will+
                  | rCorr}, wearing a +6 ring of intelligence and quivering
                  | silver javelins (heavily wounded, ally target)
 16783 | Gauntlet | Aim: a minotaur, wielding a +0 flail of draining, wearing
                  | the +15 Maxwell's patent armour {-Cast -Tele rElec Will+
                  | rCorr}, wearing a +6 ring of intelligence and quivering
                  | silver javelins (heavily wounded, ally target)
 16783 | Gauntlet | Aim: a minotaur, wielding a +0 flail of draining, wearing
                  | the +15 Maxwell's patent armour {-Cast -Tele rElec Will+
                  | rCorr}, wearing a +6 ring of intelligence and quivering
                  | silver javelins (heavily wounded, ally target)
 16787 | Gauntlet | Killed a minotaur
 16830 | Gauntlet | You pick up a book of Power and begin reading...
 16830 | Gauntlet | You add the spells Iskenderun's Battlesphere, Iron Shot and
                  | Spellforged Servitor to your library.
 16904 | Lair:2   | Found a staircase to the Snake Pit.
 16932 | Lair:2   | Reached XP level 13. HP: 52/80 MP: 13/16
 16947 | Lair:2   | Reached skill level 11 in Dodging
 17030 | Lair:2   | Reached skill level 9 in Fighting
 17233 | Lair:2   | Reached skill level 7 in Necromancy
 17692 | Lair:2   | Reached skill level 6 in Poison Magic
 17940 | Lair:3   | Found a runed translucent gate.
 17940 | Lair:3   | Found a runed translucent gate.
 17940 | Lair:3   | Found a runed translucent gate.
 18253 | Lair:3   | You pick up a book of Maledictions and begin reading...
 18253 | Lair:3   | You add the spells Anguish and Enfeeble to your library.
 18366 | Lair:3   | Found a staircase to the Shoals.
 18528 | Lair:3   | Noticed Yjeari's ghost (journeyman GrMo)
 18673 | Lair:4   | Found a staircase to the Slime Pits.
 18674 | Lair:4   | Found a viscous altar of Jiyva.
 18859 | Lair:4   | Reached skill level 8 in Necromancy
 19122 | Lair:4   | Reached skill level 7 in Poison Magic
 19123 | Lair:4   | Reached ***** piety under Wu Jian
 19788 | Lair:5   | Entered Level 5 of the Lair of Beasts
 19968 | Lair:5   | Identified the +3 mace of the Grand God {vorpal, rPois
                  | rN+++ Will- Str+4}
 20069 | Lair:5   | Found a dark tunnel.
 20078 | Volcano  | Entered a volcano
 20482 | Volcano  | Found a burning altar of Makhleb.
 20561 | Volcano  | Reached skill level 12 in Dodging
 20561 | Volcano  | Reached skill level 8 in Poison Magic
 20591 | Volcano  | Noticed a stone giant
 20597 | Volcano  | Killed a stone giant
 20624 | Volcano  | Reached skill level 10 in Fighting
 21411 | Lair:5   | Reached XP level 14. HP: 88/88 MP: 9/17
 22093 | Lair:5   | You pick up a book of Unlife and begin reading...
 22093 | Lair:5   | You add the spells Borgnjor's Vile Clutch and Death Channel
                  | to your library.
 22422 | Lair:5   | HP: 17/88 [spriggan rider/+0 spear (18)]
 22532 | Lair:5   | magus.rc [v1.11.3]
 22731 | D:13     | Reached skill level 13 in Dodging
 22732 | D:13     | Reached skill level 3 in Spellcasting
 22910 | D:13     | Reached skill level 4 in Spellcasting
 23151 | D:13     | You pick up a book of Iron and begin reading...
 23151 | D:13     | You add the spells Animate Armour and Blade Hands to your
                  | library.
 23174 | D:13     | Reached skill level 5 in Spellcasting
 23712 | D:14     | Reached skill level 6 in Spellcasting
 23981 | D:14     | Reached ****** piety under Wu Jian
 24162 | D:14     | Found a shimmering altar of Xom.
 24168 | D:14     | Found a shimmering altar of Xom.
 24170 | D:14     | Found a shimmering altar of Xom.
 24180 | D:14     | Reached skill level 7 in Spellcasting
 24283 | D:14     | Reached skill level 14 in Dodging
 24610 | D:14     | Identified a scroll of acquirement
 24611 | D:14     | Acquired the +3 warlock's mirror {reflect}
 24611 | D:14     | Found the +3 warlock's mirror {reflect}
 24622 | D:14     | Learned a level 5 spell: Borgnjor's Vile Clutch
 24822 | D:15     | Entered Level 15 of the Dungeon
 25095 | D:15     | Reached skill level 1 in Earth Magic
 25097 | D:15     | Reached skill level 1 in Shields
 25125 | D:15     | Found a staircase to the Depths.
 25498 | D:15     | Reached skill level 8 in Spellcasting
 25642 | D:15     | You pick up a book of Vapours and begin reading...
 25944 | D:15     | Learned a level 4 spell: Anguish
 26123 | Snake:1  | Entered Level 1 of the Snake Pit
 26127 | Snake:1  | Reached skill level 2 in Earth Magic
 26127 | Snake:1  | Reached XP level 15. HP: 93/93 MP: 27/27
 26181 | Snake:1  | Reached skill level 2 in Shields
 26266 | Snake:1  | Reached skill level 3 in Earth Magic
 26297 | Snake:1  | Reached skill level 3 in Shields
 26303 | Snake:1  | Reached skill level 9 in Necromancy
 26648 | Snake:1  | Reached skill level 4 in Earth Magic
 26887 | Snake:1  | Found Eniqaine's Assorted Antiques.
 26889 | Snake:1  | Found Xizobu's Jewellery Emporium.
 26891 | Snake:1  | Found Gig Exoc's Book Shoppe.
 26898 | Snake:1  | Reached skill level 4 in Shields
 26908 | Snake:1  | Bought an ichor-stained short sword for 208 gold pieces
 26908 | Snake:1  | Identified the +8 short sword of Kocrodam {chaos, rF+ rC+
                  | rN+ Dex+4} (You bought it in a shop on level 1 of the Snake
                  | Pit)
 27299 | Snake:1  | Reached skill level 5 in Earth Magic
 27476 | Snake:2  | Reached skill level 10 in Necromancy
 27516 | Snake:2  | Noticed a nagaraja
 27520 | Snake:2  | Killed a nagaraja
 27521 | Snake:2  | Reached skill level 5 in Shields
 27708 | Snake:2  | HP: 19/93 [salamander mystic/+0 quarterstaff (8)]
 27721 | Snake:2  | HP: 17/93 [shock serpent/bolt of electricity (8)]
 27815 | Snake:1  | Reached skill level 6 in Earth Magic
 28180 | Snake:2  | Reached skill level 11 in Necromancy
 28395 | Snake:2  | Reached skill level 7 in Earth Magic
 28427 | Snake:2  | HP: 23/93 [constriction[a naga ritualist] (2)]
 28786 | Snake:3  | Noticed Vashnia
 28862 | Snake:3  | Noticed a nagaraja
 29284 | Snake:3  | Reached XP level 16. HP: 38/99 MP: 23/28
 29444 | Snake:2  | Reached skill level 8 in Earth Magic
 29502 | Snake:3  | Reached skill level 12 in Necromancy
 29506 | Snake:3  | Learned a level 3 spell: Ignite Poison
 30126 | Snake:3  | Shot with a bolt by Vashnia

Vanquished Creatures
  3 nagarajas
  A stone giant (Volcano)
  A fire dragon (D:15)
  3 boulder beetles
  An ice dragon (D:15)
  7 vault guards (D:13)
  4 hydras
  2 salamander tyrants
  4 centaur warriors
  10 anacondas
  4 naga warriors (Snake:1)
  5 two-headed ogres
  A death yak (D:9)
  A tengu warrior (D:14)
  7 naga sharpshooters
  Sonja (D:12)
  12 shock serpents
  A salamander mystic (Snake:2)
  5 naga ritualists
  A wizard (D:14)
  A swamp dragon (shapeshifter) (D:14)
  Pikel (D:9)
  A deep elf pyromancer (D:14)
  A necromancer (Gauntlet)
  13 ugly things
  12 mana vipers
  6 manticores
  5 cyclopes
  An elephant (D:9)
  19 black mambas
  5 gargoyles
  10 salamanders
  2 molten gargoyles (Volcano)
  8 naga magi
  6 cane toads
  An unseen horror (D:12)
  A torpor snail (Lair:5)
  7 komodo dragons
  2 kobold demonologists
  An efreet (Volcano)
  A yaktaur (D:14)
  A tengu conjurer (D:15)
  4 trolls
  3 meliai (D:13)
  2 hornets (Lair:5)
  A wind drake (Lair:3)
  7 polar bears
  Grinder (D:3)
  12 blink frogs
  7 dream sheep
  5 slime creatures
  2 shadows
  6 wraiths
  51 yaks
  A vampire (D:11)
  13 spriggans (Lair:5)
  4 wyverns
  Eustachio (D:6)
  Grum (D:9)
  4 basilisks
  2 fire bats (Volcano)
  2 steam dragons
  A fire elemental (Volcano)
  10 vampire mosquitoes
  Edmund (D:6)
  19 nagas
  3 acid dragons
  Duvessa (D:6)
  29 water moccasins
  4 ice beasts
  2 orc warriors
  5 black bears
  6 boggarts
  25 wolves
  6 centaurs
  2 ogres
  A phantom (D:4)
  2 kobold brigands
  8 bullfrogs
  A necrophage (D:5)
  4 scorpions
  2 gnoll sergeants
  8 wights
  Dowan (D:6)
  5 killer bees (D:11)
  4 howler monkeys
  6 electric eels (D:10)
  7 lava snakes (Volcano)
  4 jellies
  2 gnoll boudas
  5 orc priests
  3 hounds
  Crazy Yiuf (D:5)
  4 iguanas
  6 orc wizards
  Robin (D:3)
  15 gnolls
  14 adders
  2 shadow imps (D:7)
  A white imp (D:6)
  An ufetubus (D:5)
  6 worms
  A dart slug (D:4)
  30 orcs
  5 bats
  3 endoplasms
  A giant cockroach (D:2)
  11 goblins
  10 hobgoblins
  7 jackals (D:2)
  8 kobolds
  3 quokkas
  3 training dummies (D:9)
  4 ball pythons
  2 frilled lizards
  3 rats
  2 butterflies (D:9)
629 creatures vanquished.

Vanquished Creatures (collateral kills)
  A minotaur (Gauntlet)
  A hornet (Lair:5)
  A spriggan (Lair:5)
  A naga (Snake:2)
4 creatures vanquished.

Vanquished Creatures (others)
  A mana viper zombie (Snake:2)
  A dancing weapon (D:11)
  An orc (D:10)
  21 fungi
  27 plants
  4 withered plants (Gauntlet)
55 creatures vanquished.

Grand Total: 688 creatures vanquished

Table legend:
 A = Non-vault XP
 B = Vault XP
 C = Vault XP percentage of total XP
 D = Non-vault monster count
 E = Vault monster count
 F = Vault count percentage of total count
                 A         B        C        D         E       F
            +---------+---------+-------+---------+---------+-------
      Total |  108859 |   56083 |  34.0 |     448 |     183 |  29.0
            +---------+---------+-------+---------+---------+-------
        D:1 |      22 |       0 |   0.0 |      13 |       0 |   0.0
        D:2 |      78 |       0 |   0.0 |      19 |       0 |   0.0
        D:3 |      46 |     318 |  87.4 |      16 |      13 |  44.8
        D:4 |     218 |       0 |   0.0 |      12 |       0 |   0.0
        D:5 |     900 |     311 |  25.7 |      23 |       7 |  23.3
        D:6 |     586 |     582 |  49.8 |      14 |       4 |  22.2
        D:7 |    1276 |    2499 |  66.2 |      20 |       9 |  31.0
        D:8 |    1767 |       0 |   0.0 |      21 |       0 |   0.0
        D:9 |    3889 |    3951 |  50.4 |      24 |      17 |  41.5
       D:10 |    4199 |       0 |   0.0 |      29 |       0 |   0.0
       D:11 |    3487 |       0 |   0.0 |      17 |       0 |   0.0
       D:12 |    7075 |     782 |  10.0 |      24 |       1 |   4.0
       D:13 |    4066 |    6089 |  60.0 |      14 |       7 |  33.3
       D:14 |    6435 |    8696 |  57.5 |      17 |      16 |  48.5
       D:15 |    5907 |    1802 |  23.4 |      12 |       2 |  14.3
     Lair:1 |    2033 |       0 |   0.0 |      13 |       0 |   0.0
     Lair:2 |    4717 |    1682 |  26.3 |      20 |       9 |  31.0
     Lair:3 |    3399 |     800 |  19.1 |      14 |       2 |  12.5
     Lair:4 |    4132 |    1239 |  23.1 |      19 |       9 |  32.1
     Lair:5 |    4471 |    8696 |  66.0 |      16 |      45 |  73.8
    Snake:1 |   18173 |    6191 |  25.4 |      32 |      12 |  27.3
    Snake:2 |   16154 |    4729 |  22.6 |      31 |       7 |  18.4
    Snake:3 |   15570 |    1560 |   9.1 |      27 |       2 |   6.9
    Volcano |       0 |    4445 | 100.0 |       0 |      17 | 100.0
   Gauntlet |     259 |    1711 |  86.9 |       1 |       4 |  80.0
            +---------+---------+-------+---------+---------+-------

Illustrated notes

Table legend:
 A = Kills in this place as a percentage of kills in entire the game.
 B = Kills by you in this place as a percentage of kills by you in the entire game.
 C = Kills by friends in this place as a percentage of kills by friends in the entire game.
 D = Other kills in this place as a percentage of other kills in the entire game.
 E = Experience gained in this place as a percentage of experience gained in the entire game.
 F = Experience gained in this place divided by the number of levels of this place that you have seen.
                   A       B       C       D       E      F
               +-------+-------+-------+-------+-------+----------------------
         Total | 100.0 | 100.0 | 100.0 | 100.0 | 100.0 | 6343.9
       Dungeon |  55.6 |  55.9 |   0.0 | 100.0 |  39.4 | 4332.1
          Lair |  23.3 |  23.2 |  50.0 |   0.0 |  18.9 | 6233.8
     Snake Pit |  17.6 |  17.6 |  25.0 |   0.0 |  37.8 | 20792.3
       Volcano |   2.7 |   2.7 |   0.0 |   0.0 |   2.7 | 4445.0
      Gauntlet |   0.8 |   0.6 |  25.0 |   0.0 |   1.2 | 1970.0
               +-------+-------+-------+-------+-------+----------------------

Table legend: (Time is in decaauts)
 A = Elapsed time spent in this place.
 B = Non-inter-level travel time spent in this place.
 C = Inter-level travel time spent in this place.
 D = Time resting spent in this place.
 E = Time spent auto-exploring this place.
 F = Levels seen in this place.
 G = Mean time per level.
                   A        B        C        D        E       F      G
               +--------+--------+--------+--------+--------+-----+--------+
         Total |  29542 |  28175 |   1367 |   3389 |  19252 |  26 | 1136.2 |
       Dungeon |  18256 |  17344 |    912 |   1676 |  12784 |  15 | 1217.1 |
        Temple |    229 |    172 |     57 |      0 |    163 |   1 |  229.0 |
          Lair |   5806 |   5586 |    220 |    306 |   4253 |   5 | 1161.2 |
     Snake Pit |   3864 |   3687 |    177 |   1102 |   1612 |   3 | 1288.0 |
       Volcano |    630 |    630 |      0 |     37 |    278 |   1 |  630.0 |
      Gauntlet |    754 |    754 |      0 |    268 |    162 |   1 |  754.0 |
               +--------+--------+--------+--------+--------+-----+--------+

Top non-repeatable levels by time:
  Lair:5: 1997 daAuts
     D:7: 1874 daAuts
    D:10: 1848 daAuts
     D:5: 1719 daAuts
     D:9: 1535 daAuts
 Snake:1: 1508 daAuts
    D:14: 1451 daAuts
     D:8: 1374 daAuts
 Snake:2: 1328 daAuts
     D:2: 1292 daAuts
  Lair:4: 1150 daAuts
    D:15: 1101 daAuts
     D:6: 1045 daAuts
  Lair:2: 1030 daAuts
 Snake:3: 1027 daAuts
